 Dungeon Crawl Stone Soup version 0.21-a0-94-gdd6ab6a (webtiles) character file.

2459 Ordine the Basher (level 9, -6/51 HPs)
             Began as a Gargoyle Fighter on July 3, 2017.
             Was a Priest of Okawaru.
             Mangled by Grum
             ... wielding a +1 halberd
              (13 damage)
             ... on level 8 of the Dungeon.
             The game lasted 00:13:26 (6347 turns).

Ordine the Basher (Gargoyle Fighter)                Turns: 6347, Time: 00:13:27

Health: -6/51      AC: 17    Str: 20    XL:     9   Next: 50%
Magic:  9/9        EV:  6    Int: 14    God:    Okawaru [***...]
Gold:   451        SH: 12    Dex: 12    Spells: 8/8 levels left

rFire    . . .     SeeInvis .   t - +0 morningstar
rCold    . . .     Gourm    .   c - +1 shield
rNeg     + . .     Faith    .   k - +0 chain mail
rPois    ∞         Spirit   .   i - +2 helmet
rElec    +         Reflect  .   (no cloak)
rCorr    +         Harm     .   (no gloves)
MR       .....                  (no boots)
Stlth    ..........             (no amulet)
HPRegen  0.17/turn              h - +5 ring of intelligence
MPRegen  0.11/turn              a - ring of resist corrosion

@: flying, very slightly contaminated, invisible
A: negative energy resistance 1, electricity resistance, unbreathing,
petrification resistance, rot immunity, AC +5
a: Heroism, Renounce Religion


You were on level 8 of the Dungeon.
You worshipped Okawaru.
Okawaru was most pleased with you.
You were hungry.

You visited 2 branches of the dungeon, and saw 9 of its levels.

You collected 451 gold pieces.

Inventory:

Hand Weapons
 t - a +0 morningstar (weapon)
Armour
 c - a +1 shield (worn)
 i - a +2 helmet (worn)
 k - a +0 chain mail (worn)
Jewellery
 a - a ring of resist corrosion (right hand)
 h - a +5 ring of intelligence (left hand)
Scrolls
 e - a scroll of immolation
 j - 2 scrolls of remove curse
 o - 5 scrolls of teleportation
 q - a scroll of amnesia
 s - a scroll of enchant weapon
Potions
 b - a potion of haste
 d - a potion of might
 g - 2 potions of cancellation
 p - 3 potions of agility
 u - a potion of invisibility
Comestibles
 f - 5 bread rations
 l - 3 meat rations
 n - 3 royal jellies


   Skills:
 - Level 3.2 Fighting
 * Level 10.5 Maces & Flails
 - Level 3.2 Armour
 + Level 8.4 Shields


You had 8 spell levels left.
You didn't know any spells.

Dungeon Overview and Level Annotations

Branches:
Dungeon (8/15)             Temple (1/1) D:4
   Lair: D:8-11

Altars:
Ashenzari
Cheibriados
Dithmenos
Elyvilon
Fedhas
Gozag
Hepliaklqana
Makhleb
Nemelex Xobeh
Okawaru
Qazlal
Ru
Sif Muna
Trog
Uskayaw
Vehumet
Wu Jian
Xom
Yredelemnul
Zin
The Shining One

Shops:
D:4 (

Annotations:
D:8 Grum


Innate Abilities, Weirdness & Mutations

You are resistant to torment.
Your stone body is resilient. (AC +5)
You are immune to poison.
You resist negative energy. (rN+)
You are resistant to electric shocks. (rElec)
You can survive without breathing.
You are immune to petrification.
You are immune to rotting.


Message History

You are too injured to fight recklessly!
You are too injured to fight recklessly!
You are too injured to fight recklessly!
You are too injured to fight recklessly!
It was a potion of magic.
Magic courses through your body.
It was a potion of invisibility.
You fade into invisibility!
Grum closely misses you.
You are very lightly contaminated with residual magic.
You barely miss Grum.
Grum is lightly wounded.
Grum hits you with an enchanted halberd!
* * * LOW HITPOINT WARNING * * *
It was a potion of flight.
You feel very buoyant.
You fly up into the air.
You block Grum's attack.
You hit Grum but do no damage.
Grum is lightly wounded.
Grum hits you with an enchanted halberd!
You die...

#########
#.g......
########@#
.......<%#
................
################


You could see Grum.

Vanquished Creatures
  An ice beast (D:7)
  2 ogres
  2 sky beasts
  3 centaurs
  A necrophage (D:5)
  2 wolves (D:7)
  3 phantoms
  3 bullfrogs
  2 scorpions (D:7)
  3 wights (D:7)
  3 howler monkeys (D:8)
  3 crimson imps
  A bullfrog zombie (D:7)
  2 hounds
  4 jellies
  An iguana (D:6)
  2 orc wizards (D:5)
  A worker ant (D:5)
  Natasha (D:2)
  2 hound skeletons (D:5)
  A mummy (D:5)
  A howler monkey zombie (D:7)
  13 adders
  A shadow imp (D:7)
  A white imp (D:5)
  2 oozes
  An adder skeleton (D:6)
  2 worms (D:3)
  2 dart slugs
  6 leopard geckos
  4 orcs
  3 giant cockroaches
  8 goblins
  10 hobgoblins
  5 jackals
  2 ball pythons
  7 bats
  4 frilled lizards
  9 kobolds
  3 leopard gecko skeletons
  A quokka skeleton (D:5)
  10 rats
138 creatures vanquished.

Vanquished Creatures (others)
  An ooze (D:2)
  A goblin (D:2)
  A quokka (D:2)
  A plant (D:6)
4 creatures vanquished.

Grand Total: 142 creatures vanquished

Notes
Turn   | Place    | Note
-------+----------+-------------------------------------------
     0 | D:1      | Ordine the Gargoyle Fighter began the quest for the Orb.
     0 | D:1      | Reached XP level 1. HP: 14/14 MP: 1/1
    65 | D:1      | Reached XP level 2. HP: 13/19 MP: 2/2
   787 | D:1      | Reached XP level 3. HP: 23/23 MP: 3/3
   796 | D:1      | Reached skill level 3 in Maces & Flails
  1081 | D:2      | Found a faded altar of an unknown god.
  1088 | D:2      | Reached XP level 4. HP: 25/28 MP: 4/4
  1123 | D:2      | Found a white marble altar of Elyvilon.
  1150 | D:2      | Found a shattered altar of Ashenzari.
  1351 | D:2      | Noticed Natasha
  1365 | D:2      | Killed Natasha
  1365 | D:2      | Reached skill level 4 in Maces & Flails
  1365 | D:2      | Reached XP level 5. HP: 15/32 MP: 5/5
  1611 | D:3      | Noticed an ogre
  1639 | D:2      | Killed an ogre
  1639 | D:2      | Reached skill level 5 in Maces & Flails
  1778 | D:3      | Found an ornate altar of the Wu Jian Council.
  1889 | D:3      | Reached XP level 6. HP: 36/37 MP: 6/6
  2086 | D:3      | Found a sacrificial altar of Ru.
  2693 | D:4      | Reached skill level 5 in Shields
  2755 | D:4      | Found Hinonoli's Antique Weapon Shoppe.
  2851 | D:4      | Found a staircase to the Ecumenical Temple.
  2895 | Temple   | Entered the Ecumenical Temple
  3029 | Temple   | Became a worshipper of Warmaster Okawaru
  3129 | D:4      | Found a hide-covered altar of Uskayaw.
  3196 | D:4      | Found a glowing golden altar of the Shining One.
  3301 | D:5      | Entered Level 5 of the Dungeon
  3302 | D:5      | Noticed a phantom
  3316 | D:5      | Killed a phantom
  3556 | D:5      | Noticed a necrophage
  3571 | D:5      | Killed a necrophage
  3571 | D:5      | Reached * piety under Okawaru
  3571 | D:5      | Reached skill level 6 in Maces & Flails
  3571 | D:5      | Reached XP level 7. HP: 41/41 MP: 7/7
  3909 | D:5      | Reached skill level 7 in Maces & Flails
  4005 | D:5      | Found a snail-covered altar of Cheibriados.
  4146 | D:5      | Reached ** piety under Okawaru
  4146 | D:5      | Reached XP level 8. HP: 39/46 MP: 8/8
  4388 | D:6      | Found a hazy altar of Hepliaklqana.
  4461 | D:6      | Reached skill level 8 in Maces & Flails
  5105 | D:7      | Reached skill level 9 in Maces & Flails
  5160 | D:7      | Found a shimmering altar of Xom.
  5365 | D:7      | Reached *** piety under Okawaru
  5365 | D:7      | Reached XP level 9. HP: 16/51 MP: 9/9
  5585 | D:7      | Found a blossoming altar of Fedhas.
  5963 | D:7      | Reached skill level 10 in Maces & Flails
  6339 | D:8      | Noticed Grum
  6347 | D:8      | Mangled by Grum

Vault maps used:
D:1:      scummos_arrival_star, minmay_tromino_v7
D:2:      elyvilon_altar_4, lemuel_round_altar,
          chequers_ecumenical_altar_island, uniq_natasha
D:3:      overflow_temple_1_default, first_bread, hangedman_ru_absence
D:4:      nicolae_overflow_crystal_walls, old_standard_altar,
          minmay_temple_entry_statues, serial_shops,
          nicolae_shop_overgrown_old_shop
D:5:      slow_altar_1, minmay_fire_ice_demons
D:6:      kennysheep_mini_moat, nicolae_overflow_hidden_temple,
          minmay_lizard_king
D:7:      lemuel_coloured_pillars_altar, fedhas_altar_2
D:8:      serial_shops, shop, uniq_grum
Temple:   minmay_temple_curvy_loop

Skill      XL: |  1  2  3  4  5  6  7  8  9 |
---------------+----------------------------+-----
Maces & Flails | 3 4 5 6 7 9 10 | 10.5
Shields        | 4 5 6 7 8 |  8.4
Fighting       | |  3.2
Armour         | |  3.2

Action                   |  1- 3 |  4- 6 |  7- 9 || total
-------------------------+-------+-------+-------++-------
Melee: Flail             |    97 |   123 |       ||   220
       Morningstar       |       |    41 |   405 ||   446
  Use: Scroll            |     6 |     7 |     6 ||    19
       Potion            |       |     2 |     4 ||     6
  Eat: Chunk             |     1 |     7 |    10 ||    18
Armor: Scale mail        |    55 |    62 |   147 ||   264
       Skin              |       |     2 |       ||     2
       Chain mail        |       |       |    68 ||    68
Dodge: Dodged            |    34 |    42 |    99 ||   175
Block: Shield            |    49 |    83 |   250 ||   382
